 Dungeon Crawl Stone Soup version 0.25.1-11-g244df3a29b (webtiles) character file.

Game seed: 11340293006988699266

132090 tkbsonic5 the Fighter (level 16, -5/133 HPs)
             Began as a Demonspawn Berserker on Sept 23, 2023.
             Was an Elder of Trog.
             Slain by a mana viper (6 damage)
             ... on level 4 of the Snake Pit on Sept 30, 2023.
             The game lasted 01:48:27 (39191 turns).

tkbsonic5 the Fighter (Demonspawn Berserker)       Turns: 39191, Time: 01:48:28

Health: -5/133     AC: 19    Str: 23    XL:     16   Next: 56%
Magic:  0/11       EV: 13    Int:  9    God:    Trog [****..]
Gold:   732        SH:  5    Dex: 14    Spells: 15/15 levels left

rFire    . . .     SeeInvis .   Y - +8 Wrath of Trog {antimagic, *Rage, (4,23!!!!!!!)}
rCold    . . .     Gourm    .   (shield currently unavailable)
rNeg     . . .     Faith    .   B - +5 chain mail {rPois}
rPois    +         Spirit   +   q - +1 hat {MR+}
rElec    .         Reflect  +   b - +0 cloak
rCorr    .         Harm     .   (gloves unavailable)
MR       +++++     Clarity  +   (boots unavailable)
Stlth    ..........             R - amulet of reflection
HPRegen  1.32/turn              W - ring of protection from magic
MPRegen  0.24/turn              L - ring "Odienie" {MR+ MP+9 Slay+2}

@: berserk cooldown, regenerating, slowed, studying Armour, very slow
A: antennae 2, claws 3, hooves 3, blurry vision 1, clarity, demonic guardian 1,
magic shield, magic regeneration
a: Berserk, Trog's Hand, Brothers in Arms, Renounce Religion


You were on level 4 of the Snake Pit.
You worshipped Trog.
Trog was greatly pleased with you.
You were very hungry.

You visited 4 branches of the dungeon, and saw 27 of its levels.

You collected 2169 gold pieces.
You spent 1437 gold pieces at shops.

Inventory:

Hand Weapons
 r - a +6 vorpal great mace
 t - a +3 battleaxe of flaming
 S - a +2 antimagic dire flail
 T - a +4 morningstar of protection
 Y - the +8 Wrath of Trog (weapon) {antimagic, *Rage, (4,23!!!!!!!)}
   (You found it on level 10 of the Dungeon)

   It reduces the magical energy of the wielder, and disrupts the spells and
   magical abilities of those hit.
   Natural abilities and divine invocations are not affected.
   It may make you go berserk in combat.
Missiles
 i - 87 poisoned darts
 z - 36 boomerangs (quivered)
Armour
 b - a +0 cloak (worn)
 e - a +1 pair of gloves {bloodlace}
 q - a +1 hat of magic resistance (worn)
 y - a +4 chain mail of fire resistance
 B - a +5 chain mail of poison resistance (worn)
 G - the +2 robe "Jolloter" {*Drain MR+ Int+4, unknown}
   (You found it on level 6 of the Lair of Beasts)

   It affects your intelligence (+4).
   It affects your resistance to hostile enchantments.
   It causes draining when unequipped.
 M - +2 steam dragon scales
Jewellery
 a - a +4 ring of slaying
 h - an uncursed amulet of faith
 l - an uncursed amulet of regeneration
 u - an uncursed ring of flight
 x - an uncursed ring of protection from magic
 I - an uncursed ring of positive energy
 J - a +4 ring of protection
 L - the ring "Odienie" (right claw) {MR+ MP+9 Slay+2}
   (You bought it in a shop on level 1 of the Snake Pit)

   [ring of magical power]

   It affects your accuracy and damage with ranged weapons and melee attacks
   (+2).
   It affects your resistance to hostile enchantments.
   It affects your magic capacity (+9).
 P - an uncursed ring of poison resistance
 Q - an uncursed ring of resist corrosion
 R - an amulet of reflection (around neck)
 U - a +6 ring of dexterity
 W - a ring of protection from magic (left claw)
Wands
 s - a wand of flame (23)
 H - a wand of paralysis (8)
 K - a wand of iceblast (17)
Scrolls
 v - 6 scrolls of remove curse
 w - 11 scrolls of teleportation
 A - a scroll of fog
 E - 2 scrolls of fear
 V - a scroll of magic mapping
Potions
 d - 5 potions of brilliance
 g - 2 potions of flight
 j - 4 potions of berserk rage
 k - a potion of heal wounds
 n - 4 potions of stabbing
 o - a potion of haste
 p - 2 potions of curing
 F - 4 potions of magic
 N - a potion of ambrosia
 O - 2 potions of lignification
 X - 4 potions of mutation
 Z - a potion of might
Books
 D - a manual of Armour
Miscellaneous
 m - a phial of floods (inert)
Comestibles
 c - 12 rations


   Skills:
 + Level 14.1 Fighting
 * Level 12.7(13.7) Axes
 - Level 9.2(12.1) Maces & Flails
   Level 1.7(8.5) Polearms
 - Level 6.5 Throwing
 * Level 11.8 Armour
 - Level 8.9 Dodging
 + Level 13.5 Evocations


You had 15 spell levels left.
You didn't know any spells.
Your spell library was empty.

Dungeon Overview and Level Annotations

Branches:
Dungeon (15/15)            Temple (0/1) D:6            Lair (6/6) D:11
 Shoals (0/4) Lair:4        Snake (4/4) Lair:3        Slime (0/5) Lair:6
    Orc (2/2) D:12            Elf (0/3) Orc:2        Vaults (0/5) D:14
 Depths (0/5) D:15

Altars:
Dithmenos
Elyvilon
Gozag
Okawaru
Qazlal
Ru
Sif Muna
Trog
Uskayaw
Vehumet
Zin
The Shining One
Beogh
Jiyva

Shops:
D:4 *   D:8 %   D:12 [   Orc:2 ([:%=   Snake:1 =}=

Annotations:
D:5 2 transporters, Naeght's ghost, amateur MiBe
Lair:3 exclusion: oklob plant
Lair:6 1 runed translucent door


Innate Abilities, Weirdness & Mutations

You have a pair of antennae on your head.
You have claws for hands.
You have hooves in place of feet.
A weak demonic guardian rushes to your aid.
When hurt, damage is shared between your health and your magic reserves.
You regenerate magic rapidly.
Scrolls take you a little longer to read.
You possess an exceptional clarity of mind.


Message History

The anaconda bites you but does no damage.
The anaconda constricts you.
As you read the scroll of fear, it crumbles to dust.
You assume a fearsome visage.
Your ufetubus is unaffected.
The black mamba looks frightened!
The mana viper resists with almost no effort.
The anaconda looks frightened!
Really read with blurry vision while enemies are nearby?
The anaconda loses its grip on you.
Your ufetubus closely misses the mana viper.
Your ufetubus hits the mana viper but does no damage.
You begin reading the scroll.
You continue reading the scroll.
Your ufetubus barely misses the mana viper.
Your ufetubus hits the mana viper but does no damage.
The mana viper bites you!
* * * LOW HITPOINT WARNING * * *
Your ufetubus barely misses the mana viper.
Your ufetubus hits the mana viper. The mana viper bites you.
You die...

,,,,**,,,* #....#...## *,,
,,,,*,,,** *#........##**,
,,,,,,,** #.........#**,
**,,,,** ##.S.......**, **,,,*
##)..##...,,* *<,,*
##..S.#*,,.,,, *,,,*
######.....#**,,,,, **,,**
#..........#**,,,,, *,,,***
*#.@S.S......#*,,,,, *,,,,,**
*#..5.........#*,,,,,
**,,,,,**#............##*,,,,,
* **,,,,,,#..%.%.....###
**,,,, * *,,,,*,....%P....###
****, * **,,,**##...%%....# *,
* **,,,** ##........#* **,
***,,,,* ##........* *,,
,*,,,,,* ****,,,,,** **,,


You could see an anaconda (fleeing), a mana viper, a black mamba (fleeing) and a
friendly ufetubus (summoned).

Vanquished Creatures
  Agnes (Snake:4)
  3 nagarajas
  Aizul (Snake:1)
  Azrael (Snake:3)
  5 dire elephants (Lair:6)
  A green death (Snake:2)
  3 naga warriors
  Harold (D:12)
  8 hydras
  6 anacondas
  2 catoblepae (D:13)
  2 death knights
  7 centaur warriors
  2 two-headed ogres
  2 tengu warriors (D:14)
  The ghost of Gadfly the Thaumaturge, a novice DEEE of Vehumet (D:8)
  An ogre mage (D:14)
  An orc high priest (Orc:2)
  9 naga sharpshooters
  5 shock serpents
  Nergalle (Lair:1)
  2 salamander mystics
  6 skeletal warriors
  A wizard (D:14)
  An unseen horror (D:11)
  4 naga ritualists
  2 phantasmal warriors (D:14)
  3 orc knights
  A mana viper (shapeshifter) (D:14)
  A necromancer (D:15)
  9 mana vipers
  A sphinx zombie (D:15)
  5 ugly things
  3 cyclopes
  3 salamanders
  13 elephants (Lair:6)
  3 orc sorcerers (Orc:2)
  Maurice (Orc:1)
  20 black mambas
  10 spiny frogs
  5 naga magi
  A gargoyle (D:13)
  4 rime drakes
  Maggie (D:6)
  2 kobold demonologists
  7 komodo dragons
  6 yaktaurs
  3 freezing wraiths
  5 trolls
  3 acid dragons
  A hornet (D:14)
  7 dream sheep (Lair:6)
  A spriggan zombie (D:15)
  16 blink frogs
  A slime creature (D:12)
  A centaur simulacrum (D:15)
  2 shadows (D:12)
  8 hippogriffs
  3 wyverns
  36 yaks
  5 wraiths
  A yak (shapeshifter) (D:14)
  4 basilisks
  2 fire elementals (Snake:3)
  A hungry ghost (D:10)
  6 vampire mosquitoes
  2 steam dragons
  25 nagas
  A soldier ant (D:13)
  A warg (Orc:2)
  14 water moccasins
  3 hell hounds (Snake:3)
  9 porcupines
  3 phantoms
  2 ice beasts
  2 sky beasts
  3 black bears
  A hornet zombie (D:12)
  34 orc warriors
  12 ogres
  2 necrophages
  19 centaurs
  18 crocodiles
  7 big kobolds
  Blork the orc (D:7)
  14 bullfrogs
  5 scorpions
  A water moccasin skeleton (D:5)
  25 killer bees
  8 wights
  5 howler monkeys
  9 crimson imps
  3 bullfrog zombies
  A lava snake (D:14)
  2 quasits
  2 centaur zombies
  21 orc wizards
  A bullfrog skeleton (D:4)
  16 orc priests
  6 hounds
  3 iguanas
  A centaur skeleton (D:10)
  Terence (D:2)
  10 worker ants
  3 hound zombies
  A hound skeleton (D:9)
  A howler monkey zombie (D:8)
  5 gnolls
  15 adders
  2 howler monkey skeletons
  2 shadow imps (D:14)
  2 oozes
  An adder skeleton (D:4)
  5 adder zombies
  5 worms
  A dart slug (D:4)
  7 leopard geckos
  94 orcs
  5 bats
  5 giant cockroaches
  7 goblins
  8 hobgoblins
  2 quokkas
  6 ball pythons
  8 frilled lizards
  30 kobolds
  A leopard gecko skeleton (D:7)
  A quokka skeleton (D:6)
  10 rats
  7 fungi
  8 plants
819 creatures vanquished.

Vanquished Creatures (collateral kills)
  Gastronok (Lair:2)
  Roxanne (Snake:4)
  An orc warlord (Orc:2)
  Nessos (D:12)
  A green death (Snake:2)
  Erolcha (D:12)
  2 anacondas
  A centaur warrior (D:13)
  A naga sharpshooter (Snake:2)
  A skeletal warrior (D:15)
  2 naga ritualists
  A flayed ghost (D:15)
  An orc sorcerer (Orc:2)
  A fire giant zombie (D:15)
  2 mana vipers (Snake:1)
  2 slime creatures (D:12)
  A cyclops (D:11)
  A black mamba (Snake:3)
  A spiny frog (Lair:6)
  A centaur skeleton (D:15)
  A queen bee (Lair:2)
  An ice dragon zombie (D:15)
  A yak (Lair:3)
  A hungry ghost (D:12)
  4 nagas
  A water moccasin (D:6)
  4 orc warriors
  A phantom (D:5)
  A bullfrog (D:6)
  2 crimson imps
  A bullfrog zombie (D:12)
  An orc wizard (D:14)
  2 orc priests (Orc:2)
  2 adders
  An adder skeleton (D:6)
  6 orcs
  3 kobolds (D:5)
  A frilled lizard (D:2)
  2 butterflies (Lair:5)
60 creatures vanquished.

Vanquished Creatures (others)
  A two-headed ogre (D:14)
  A centaur warrior (D:12)
  8 fungi
  22 plants
32 creatures vanquished.

Grand Total: 911 creatures vanquished

Notes
Turn   | Place    | Note
-------+----------+-------------------------------------------
     0 | D:1      | tkbsonic5 the Demonspawn Berserker began the quest for the
                  | Orb.
     0 | D:1      | Reached XP level 1. HP: 18/18 MP: 1/1
   234 | D:1      | Gained mutation: A weak demonic guardian rushes to your
                  | aid. [demonic ancestry]
   234 | D:1      | Reached XP level 2. HP: 23/24 MP: 2/2
   744 | D:1      | Reached ** piety under Trog
  1074 | D:1      | Reached XP level 3. HP: 29/29 MP: 3/3
  1138 | D:2      | Found an iron altar of Okawaru.
  1406 | D:2      | Gained mutation: You have large cloven feet. [demonic
                  | ancestry]
  1406 | D:2      | Reached XP level 4. HP: 35/37 MP: 4/4
  1569 | D:2      | Reached skill level 4 in Fighting
  1656 | D:2      | Found a white marble altar of Elyvilon.
  1929 | D:2      | Noticed Terence
  1938 | D:2      | Killed Terence
  1938 | D:2      | Gained mutation: You have sharp fingernails. [demonic
                  | ancestry]
  1938 | D:2      | Reached XP level 5. HP: 42/42 MP: 5/5
  2206 | D:3      | Noticed a phantom
  2235 | D:3      | Killed a phantom
  2235 | D:3      | Reached skill level 1 in Maces & Flails
  2351 | D:3      | Gained mutation: When hurt, damage is shared between your
                  | health and your magic reserves. [demonic ancestry]
  2351 | D:3      | Reached XP level 6. HP: 49/49 MP: 6/6
  2423 | D:3      | Reached *** piety under Trog
  2726 | D:3      | Found a bloodstained altar of Trog.
  2726 | D:3      | Found a stormy altar of Qazlal.
  2728 | D:3      | Found a glowing silver altar of Zin.
  2963 | D:3      | Found a shadowy altar of Dithmenos.
  3051 | D:4      | Reached skill level 5 in Fighting
  3296 | D:4      | Found Fajimuth's Assorted Antiques.
  3319 | D:4      | Bought a scroll labeled XAZATRIKKA for 30 gold pieces
  3319 | D:4      | Bought a glowing lead wand for 120 gold pieces
  3319 | D:4      | Bought a scroll of teleportation for 90 gold pieces
  3599 | D:5      | Entered Level 5 of the Dungeon
  3606 | D:5      | Reached **** piety under Trog
  3606 | D:5      | Gained mutation: You have very sharp fingernails. [demonic
                  | ancestry]
  3606 | D:5      | Reached XP level 7. HP: 56/56 MP: 7/7
  3629 | D:5      | Reached skill level 1 in Evocations
  3645 | D:5      | Reached skill level 1 in Throwing
  3750 | D:5      | Got a transparent scale mail
  3761 | D:5      | Identified the cursed +1 scale mail "Moohosei" {-Cast rC+
                  | rN+ MP+9} (You found it on level 5 of the Dungeon)
  3870 | D:5      | Found a glowing golden altar of the Shining One.
  4028 | D:5      | Noticed Naeght's ghost (amateur MiBe)
  4069 | D:5      | Found a transporter.
  4073 | D:5      | Found a transporter.
  4132 | D:6      | Found a staircase to the Ecumenical Temple.
  4273 | D:6      | Gained mutation: You regenerate magic rapidly. [demonic
                  | ancestry]
  4273 | D:6      | Reached XP level 8. HP: 64/64 MP: 9/9
  4399 | D:6      | Reached skill level 6 in Fighting
  4405 | D:6      | Noticed Maggie
  4417 | D:6      | Killed Maggie
  4955 | D:7      | Noticed a +0 hand axe
  4956 | D:7      | Found a hide-covered altar of Uskayaw.
  4956 | D:7      | Noticed a +0 dagger
  5243 | D:7      | Found a radiant altar of Vehumet.
  5278 | D:7      | Reached skill level 7 in Fighting
  5278 | D:7      | Gained mutation: You have a pair of small antennae on your
                  | head. [demonic ancestry]
  5278 | D:7      | Reached XP level 9. HP: 72/72 MP: 11/11
  5405 | D:7      | Reached skill level 5 in Maces & Flails
  5469 | D:7      | Reached ***** piety under Trog
  5709 | D:7      | Noticed Blork the orc
  5726 | D:7      | Killed Blork the orc
  5734 | D:7      | Found a shimmering blue altar of Sif Muna.
  6222 | D:8      | Found Kel Iss's Food Shoppe.
  6383 | D:8      | Found a large runed translucent door.
  6386 | D:8      | Found a large runed translucent door.
  6393 | D:8      | Reached skill level 5 in Dodging
  6408 | D:8      | Noticed Gadfly's ghost (novice DEEE)
  6629 | D:8      | Killed Gadfly's ghost
  6629 | D:8      | Reached skill level 8 in Fighting
  6765 | D:9      | Reached XP level 10. HP: 80/80 MP: 13/13
  6907 | D:9      | Received a gift from Trog
  6966 | D:9      | Found an iron altar of Okawaru.
  7403 | D:9      | Found an opulent altar of Gozag.
  7594 | D:10     | Entered Level 10 of the Dungeon
  8155 | D:10     | Noticed a four-headed hydra
  8166 | D:10     | Killed a four-headed hydra
  8166 | D:10     | Reached skill level 5 in Armour
  8301 | D:10     | Found the +8 Wrath of Trog {antimagic, *Rage}
  8415 | D:10     | Reached skill level 9 in Fighting
  8415 | D:10     | Reached skill level 5 in Evocations
  8679 | D:11     | Found a staircase to the Lair.
  8890 | D:11     | Reached skill level 5 in Axes
  8902 | D:11     | Killed an unseen horror
  8902 | D:11     | Reached XP level 11. HP: 89/89 MP: 3/15
  9226 | D:11     | Noticed a six-headed hydra
  9240 | D:11     | Killed a six-headed hydra
 10547 | Lair:1   | Entered Level 1 of the Lair of Beasts
 10547 | Lair:1   | Noticed a four-headed hydra
 10557 | Lair:1   | Killed a nine-headed hydra
 11133 | Lair:1   | Noticed Nergalle
 11142 | Lair:1   | Killed Nergalle
 11336 | Lair:1   | Reached skill level 10 in Fighting
 11851 | Lair:2   | Received a gift from Trog
 12955 | Lair:2   | Gained mutation: You have claws for hands. [demonic
                  | ancestry]
 12955 | Lair:2   | Reached XP level 12. HP: 95/97 MP: 2/18
 13664 | Lair:2   | Noticed Gastronok
 13676 | Lair:2   | Killed Gastronok
 14168 | Lair:3   | Noticed an eight-headed hydra
 14173 | Lair:3   | Killed an eight-headed hydra
 14892 | Lair:3   | Reached skill level 10 in Evocations
 15397 | Lair:3   | Received a gift from Trog
 15538 | Lair:3   | Found a staircase to the Snake Pit.
 17301 | Lair:4   | Noticed a five-headed hydra
 17305 | Lair:4   | Killed a five-headed hydra
 17305 | Lair:4   | Reached skill level 11 in Fighting
 17401 | Lair:4   | Noticed a four-headed hydra
 17404 | Lair:4   | Noticed an eight-headed hydra
 17416 | Lair:4   | Killed a four-headed hydra
 17416 | Lair:4   | Reached XP level 13. HP: 41/106 MP: 4/20
 17425 | Lair:4   | Found a staircase to the Shoals.
 17662 | Lair:4   | Found a sacrificial altar of Ru.
 18619 | Lair:5   | Found a radiant altar of Vehumet.
 19306 | Lair:6   | Entered Level 6 of the Lair of Beasts
 19314 | Lair:6   | Reached skill level 10 in Axes
 19770 | Lair:6   | Found a runed translucent door.
 19773 | Lair:6   | Found a viscous altar of Jiyva.
 19774 | Lair:6   | Found a staircase to the Slime Pits.
 21317 | Lair:6   | Noticed a dire elephant
 21327 | Lair:6   | Killed a dire elephant
 21506 | Lair:6   | Noticed a dire elephant
 21506 | Lair:6   | Noticed a dire elephant
 21516 | Lair:6   | Killed a dire elephant
 21518 | Lair:6   | Killed a dire elephant
 21569 | Lair:6   | Got a sapphire scythe
 21579 | Lair:6   | Got a dull robe
 21582 | Lair:6   | Identified the +9 scythe "Zozaqaom" {elec, Fragile rC+
                  | Str+6} (You found it on level 6 of the Lair of Beasts)
 21758 | Lair:6   | Noticed a dire elephant
 21766 | Lair:6   | Killed a dire elephant
 21842 | Lair:6   | Reached skill level 1 in Polearms
 22430 | Lair:6   | Noticed a dire elephant
 22438 | Lair:6   | Killed a dire elephant
 22438 | Lair:6   | Gained mutation: You have hoof-like feet. [demonic
                  | ancestry]
 22438 | Lair:6   | Reached XP level 14. HP: 114/114 MP: 22/22
 23877 | D:12     | Found Riasisota's Antique Armour Boutique.
 23889 | D:12     | Found a staircase to the Orcish Mines.
 23991 | D:12     | Noticed Erolcha
 23995 | D:12     | Killed Erolcha
 23995 | D:12     | Reached skill level 12 in Fighting
 24310 | D:12     | Noticed Nessos
 24313 | D:12     | Killed Nessos
 24411 | D:12     | You fall into a shaft and drop 2 floors!
 25091 | D:14     | Gained mutation: Scrolls take you a little longer to read.
                  | [potion of mutation]
 25091 | D:14     | Gained mutation: You possess an exceptional clarity of
                  | mind. [potion of mutation]
 25097 | D:14     | HP: 8/172 [centaur warrior (7)]
 25103 | D:14     | Reached skill level 5 in Throwing
 25497 | D:14     | HP: 3/116 [acid (6)]
 25556 | D:13     | Found the -2 hat of the Alchemist {rElec rPois rF+ rC+ rN+
                  | MR+ rMut rCorr}
 26288 | D:13     | Received a gift from Trog
 26305 | D:13     | Gained mutation: You have a pair of antennae on your head.
                  | [demonic ancestry]
 26305 | D:13     | Reached XP level 15. HP: 114/122 MP: 7/24
 27313 | D:14     | Found a gate to the Vaults.
 27600 | D:15     | Entered Level 15 of the Dungeon
 27957 | D:15     | Reached skill level 13 in Fighting
 28088 | D:15     | Found a staircase to the Depths.
 28727 | Orc:1    | Entered Level 1 of the Orcish Mines
 28727 | Orc:1    | Found a roughly hewn altar of Beogh.
 28727 | Orc:1    | Noticed Harold
 28730 | Orc:1    | Noticed Maurice
 28990 | D:12     | Killed Harold
 29219 | Orc:1    | Killed Maurice
 29241 | Orc:1    | You fall into a shaft and drop 1 floor!
 29241 | Orc:2    | Entered Level 2 of the Orcish Mines
 29399 | Orc:2    | Found a roughly hewn altar of Beogh.
 29705 | Orc:2    | Found a staircase to the Elven Halls.
 29719 | Orc:2    | Found Pigaref's Jewellery Shop.
 29738 | Orc:2    | Bought an uncursed ring of resist corrosion for 200 gold
                  | pieces
 29738 | Orc:2    | Bought an uncursed amulet of reflection for 300 gold pieces
 29874 | Orc:2    | Received a gift from Trog
 29875 | Orc:2    | Noticed an orc warlord
 29883 | Orc:2    | Killed an orc warlord
 30195 | Orc:2    | Found Doliure's Antique Weapon Boutique.
 30196 | Orc:2    | Found a roughly hewn altar of Beogh.
 30201 | Orc:2    | Found Pezumu Teogh's Antique Armour Shop.
 30261 | Orc:2    | Found a roughly hewn altar of Beogh.
 30261 | Orc:2    | Found Rowe's Book Boutique.
 30346 | Orc:2    | Found a roughly hewn altar of Beogh.
 30467 | Orc:2    | Found a roughly hewn altar of Beogh.
 30499 | Orc:2    | Found Xudegag's Food Emporium.
 30959 | Snake:1  | Entered Level 1 of the Snake Pit
 31037 | Snake:1  | Noticed Aizul
 31398 | Snake:1  | Killed Aizul
 32139 | Snake:1  | Found Koinonof's Jewellery Shop.
 32139 | Snake:1  | Found Zoaczubb's Gadget Emporium.
 32140 | Snake:1  | Found Copneuhe's Jewellery Shop.
 32146 | Snake:1  | Bought the ring "Odienie" {MR+ MP+9 Slay+2} for 697 gold
                  | pieces
 32916 | Snake:1  | Identified a scroll of acquirement
 32916 | Snake:1  | Acquired a manual of Armour
 35040 | Snake:2  | Noticed a nagaraja
 35043 | Snake:2  | Killed a nagaraja
 35043 | Snake:2  | Reached skill level 10 in Armour
 35089 | Snake:2  | Received a gift from Trog
 35381 | Snake:2  | Gained mutation: You have hooves in place of feet. [demonic
                  | ancestry]
 35381 | Snake:2  | Reached XP level 16. HP: 109/132 MP: 25/25
 35542 | Snake:2  | Found a runed translucent door.
 36593 | Snake:3  | Noticed Azrael
 36607 | Snake:3  | Killed Azrael
 37086 | Snake:3  | Reached skill level 14 in Fighting
 38764 | Snake:4  | Entered Level 4 of the Snake Pit
 38769 | Snake:4  | Identified Roxanne's Compendium of Shape Shifting
 38769 | Snake:4  | Noticed Roxanne
 39064 | Snake:4  | Killed Roxanne
 39154 | Snake:4  | Noticed Agnes
 39163 | Snake:4  | Killed Agnes
 39184 | Snake:4  | HP: 3/133 [anaconda (8)]
 39191 | Snake:4  | HP: 1/133 [mana viper (11)]
 39191 | Snake:4  | Slain by a mana viper

Illustrated notes

Levels and vault maps discovered:
D:1:      noname_arrival_rooms_in_the_neighbourhood, layout_basic
D:2:      layout_rooms, lemuel_crystal_altar, first_ration, minmay_crystal_room,
          okawaru_trees_2, uniq_terence
D:3:      layout_basic, marbit_many_paths, minitemple
D:4:      layout_loops_ring, serial_shops, shop
D:5:      layout_basic, gammafunk_ghost_hive, tso_altar
D:6:      layout_gridville, minmay_temple_entry_trees, uniq_maggie
D:7:      layout_gridville, lemuel_coloured_pillars_altar,
          dancing_weapons_uskayaw, tgw_sif, st_stairs_5
D:8:      layout_loops_ring, ebering_ghost_disaster_area, serial_shops, shop
D:9:      layout_roguey, lemuel_round_altar, lemuel_doored_altar
D:10:     nicolae_whirlpool, layout_basic, grunt_ogre_cave
D:11:     layout_basic, due_lair_maze_entry_diamond, serial_curves,
          eino_curves_02, eino_curves_03, eino_curves_02
D:12:     layout_loops_ring, orc_0_dummy, serial_shops, shop, serial_undead,
          serial_undead_f, serial_undead_a, serial_undead_e, serial_undead_a,
          gauntlet_entry_generic, uniq_nessos, uniq_erolcha
D:13:     layout_rooms, nicolae_straight_to_the_point
D:14:     layout_loops_cross, hangedman_vaults_entry_quadrant_bands,
          minmay_misc_feat_enclosed, kennysheep_generic_room_16
D:15:     gammafunk_depths_entry_grave, layout_basic, skrybe_limestone_x
Lair:1:   layout_misc_corridors, uniq_nergalle
Lair:2:   layout_small_grid, special_room [special_room_bee],
          infiniplex_staircase_pool_2, uniq_gastronok
Lair:3:   layout_regular_city, minmay_snake_entry_guardpost_small,
          grunt_megastairs_1, minmay_lair_oklob_chamber
Lair:4:   layout_layer_cave, minmay_shoals_entry_centaurs, basic_altar
Lair:5:   layout_loops_ring, basic_altar, wad_woods_road_05, lemuel_fruit_fields
Lair:6:   due_jungle_book, layout_big_grid, slime_altar_2
Snake:1:  layout_chambers, portal_ice_cave_entry_frozen_things,
          corexii_hall_statues_u, serial_bayou_shore_b, minmay_shop_grove,
          uniq_aizul
Snake:2:  cheibrodos_toxic_ritual, layout_basic, basic_altar, st_stairs_3,
          uniq_asterion
Snake:3:  layout_onion_interference, grunt_megastairs_4, uniq_azrael
Snake:4:  johnstein_snake_rune_scales, layout_onion, lemuel_fruit_tree,
          minmay_shoptagon, uniq_roxanne, uniq_agnes, uniq_kirke
Orc:1:    layout_caves, serial_shops, nicolae_shop_window_shopping, basic_altar,
          uniq_harold, uniq_josephine, uniq_erica, uniq_maurice
Orc:2:    grunt_orc_community_town_hall, layout_diamond_mine,
          grunt_orc_community_big_house_1, grunt_orc_community_big_house_2,
          grunt_orc_community_house_2, grunt_orc_community_house_3,
          grunt_orc_community_house_3, grunt_orc_community_house_1,
          grunt_orc_community_house_1, grunt_orc_community_house_1,
          serial_shops, shop

Skill      XL: |  1  2  3  4  5  6  7  8  9 10 11 12 13 14 15 16 |
---------------+-------------------------------------------------+-----
Dodging        | 2 3 4 5 6 7 8 |  8.9
Axes           | 3 5 7 9 10 11 12 | 12.7
Fighting       | 4 5 7 8 9 10 11 12 13 14 | 14.1
Maces & Flails | 1 2 3 4 6 7 9 |  9.2
Armour         | 2 3 4 5 6 7 8 10 11 | 11.8
Evocations     | 2 3 4 6 9 10 11 12 13 | 13.5
Throwing       | 1 2 3 4 5 6 |  6.5
Polearms       | 1 |  1.7

Action                   |  1- 3 |  4- 6 |  7- 9 | 10-12 | 13-15 | 16-18 || total
-------------------------+-------+-------+-------+-------+-------+-------++-------
Melee: Hand axe          |   104 |    58 |       |       |       |       ||   162
       Kick              |       |    69 |    87 |   146 |   283 |    66 ||   651
       Mace              |       |   178 |   311 |    29 |       |       ||   518
       Morningstar       |       |       |       |   136 |   153 |       ||   289
       Battleaxe         |       |       |       |   282 |   372 |   174 ||   828
       Scythe            |       |       |       |       |    34 |       ||    34
       Great mace        |       |       |       |       |   295 |       ||   295
Throw: Dart              |     4 |     3 |    29 |    82 |    24 |       ||   142
       Boomerang         |       |       |       |       |   118 |    28 ||   146
Invok: Berserk           |     1 |     1 |     2 |     2 |    14 |     8 ||    28
       Trog's Hand       |       |       |     2 |     5 |     8 |     5 ||    20
       Brothers in Arms  |       |       |     2 |     1 |     7 |     1 ||    11
Evoke: Wand              |       |       |     3 |    29 |   111 |     3 ||   146
       Phial of floods   |       |       |       |       |     2 |     1 ||     3
  Use: Scroll            |       |     9 |     4 |    11 |    17 |     7 ||    48
       Potion            |       |       |       |     5 |    26 |     2 ||    33
 Stab: Sleeping          |     3 |       |       |       |     1 |       ||     4
       Distracted        |       |       |     5 |     3 |     8 |     1 ||    17
       Invisible         |       |       |       |     1 |       |       ||     1
       Paralysed         |       |       |       |     2 |    12 |       ||    14
  Eat: Chunk             |     3 |     8 |     8 |     6 |    12 |     2 ||    39
       Ration            |       |       |     3 |    10 |    19 |     5 ||    37
Armor: Animal skin       |     6 |       |       |       |       |       ||     6
       Ring mail         |    17 |    62 |       |       |       |       ||    79
       Chain mail        |       |    66 |   199 |   327 |   530 |    65 ||  1187
       Skin              |       |       |       |       |    23 |       ||    23
Dodge: Dodged            |    53 |   160 |   164 |   294 |   568 |   100 ||  1339
Block: Other             |       |       |       |       |    45 |    42 ||    87
       Reflection        |       |       |       |       |     2 |     5 ||     7
